Map: Defender's Landing LE

Players

Yata - Winner!

  • Race: Zerg Zerg
  • League: Silver
  • Spawn Location: 1:00

A.I. 1 (Medium)

  • Race: Protoss Protoss
  • Spawn Location: 7:00

VOD

Have the link to the VOD?

Description

Time

  • Played on: July 11, 2017, 2:16 p.m.
  • Length: 14:47
Show
View Real Time Build Order
Export as new Build Order

Yata Zerg - Winner!

Build Orders: Hatch First, Lurkers 

Get SALT Encoding   

  12  0:01  Drone  
  13  0:12  Overlord  
  13  0:19  Drone  
  14  0:34  Drone x2  
  16  0:42  Drone  
  17  1:03  Hatchery  
  16  1:10  Drone  
  16  1:11  Drone x2  
  19  1:14  Extractor  
  18  1:21  Spawning Pool  
  18  1:22  Drone  
  18  1:32  Drone  
  19  1:43  Overlord  
  19  1:58  Drone  
  20  2:08  Queen  
  22  2:17  Queen  
  22  2:19  Zergling x4  
  26  2:23  Metabolic Boost  
  26  2:28  Drone x3  
  29  2:38  Evolution Chamber  
  28  2:51  Lair  
  28  2:58  Overlord  
  28  3:00  Overlord  
  28  3:22  Zergling x4  
  28  3:23  Zergling x2  
  31  3:28  Zerg Missile Weapons Level 1  
  31  3:46  Extractor  
  29  4:05  Drone  
  29  4:06  Drone x8  
  29  4:07  Drone x2  
  40  4:35  Pneumatized Carapace  
  40  4:39  Drone  
  41  5:00  Hatchery, Overseer  
  36  5:17  Queen  
  38  5:28  Zerg Missile Weapons Level 2  
  38  5:48  Queen  
  40  5:51  Overlord x2  
  40  6:25  Drone  
  41  6:26  Drone x11  
  41  6:27  Drone x4  
  56  6:53  Hydralisk Den  
  55  7:00  Zergling x28  
  55  7:01  Zergling x6  
  65  7:35  Hatchery  
  58  8:01  Lurker Den  
  58  8:04  Queen  
  60  8:15  Extractor x2  
  58  8:36  Hatchery  
  58  8:40  Hydralisk x3  
  58  8:41  Hydralisk x2  
  63  8:44  Overlord x3  
  67  9:21  Infestation Pit  
  66  9:24  Hydralisk  
  66  9:25  Hydralisk x11  
  90  10:22  Burrow  
  90  10:27  Hydralisk  
  90  10:28  Hydralisk x6  
  98  10:32  Overlord x4  
  104  10:42  Extractor  
  103  10:45  Extractor, Spore Crawler  
  103  10:49  Spore Crawler  
  100  10:50  Spore Crawler  
  99  11:02  Lurker x4  
  99  11:03  Lurker x3  
  99  11:04  Lurker  
  107  11:06  Hydralisk  
  97  11:46  Hydralisk x6  
  97  11:47  Hydralisk x6  
  109  12:49  Lurker x3  
  109  12:50  Lurker x4  
  97  13:30  Hydralisk  
  97  13:31  Hydralisk x18  
  131  14:16  Overlord  
  131  14:17  Overlord x4  
Show
View Real Time Build Order
Export as new Build Order

A.I. 1 (Medium) Protoss 

Build Orders:  

Get SALT Encoding   

  12  0:01  Probe (Chrono Boost)  
  13  0:11  Probe (Chrono Boost)  
  14  0:19  Pylon  
  14  0:22  Probe (Chrono Boost)  
  15  0:37  Probe (Chrono Boost)  
  15  0:40  Gateway  
  16  0:47  Assimilator  
  16  0:48  Probe (Chrono Boost)  
  17  0:58  Probe (Chrono Boost)  
  17  1:00  Pylon  
  18  1:30  Gateway  
  18  1:33  Cybernetics Core  
  18  1:34  Assimilator  
  18  1:38  Zealot  
  20  2:03  Zealot  
  22  2:11  Warp Gate  
  22  2:14  Pylon  
  22  2:16  Zealot  
  24  2:32  Zealot  
  26  2:48  Zealot  
  28  2:55  Pylon  
  28  3:06  Stalker  
  28  3:08  Probe (Chrono Boost)  
  32  3:20  Probe (Chrono Boost)  
  32  3:22  Stalker  
  34  3:30  Forge  
  34  3:31  Probe (Chrono Boost)  
  35  3:39  Adept  
  37  3:43  Probe (Chrono Boost)  
  37  3:46  Pylon  
  38  3:55  Probe (Chrono Boost)  
  39  3:56  Adept  
  41  4:06  Probe (Chrono Boost)  
  42  6:24  Stalker  
  42  6:25  Probe (Chrono Boost)  
  45  6:26  Robotics Facility  
  45  6:32  Pylon  
  45  6:35  Photon Cannon, Nexus  
  45  6:37  Probe (Chrono Boost)  
  45  6:38  Stalker  
  45  6:39  Photon Cannon  
  48  6:43  Stargate  
  48  6:45  Twilight Council  
  48  6:48  Gateway  
  48  6:53  Stalker, Forge  
  50  7:07  Stalker  
  52  7:13  Observer  
  53  7:21  Sentry  
  43  7:33  Observer  
  43  7:35  Stalker  
  40  7:49  Probe (Chrono Boost)  
  40  7:50  Adept  
  44  7:51  Probe (Chrono Boost)  
  44  7:59  Assimilator  
  44  8:00  Probe (Chrono Boost)  
  44  8:01  Pylon  
  44  8:03  Probe (Chrono Boost)  
  44  8:04  Pylon, Stalker  
  48  8:12  Probe (Chrono Boost)  
  49  8:14  Probe (Chrono Boost)  
  49  8:18  Adept  
  51  8:23  Probe (Chrono Boost)  
  51  8:25  Photon Cannon, Probe (Chrono Boost)  
  53  8:28  Photon Cannon  
  53  8:33  Zealot  
  56  8:34  Probe (Chrono Boost)  
  56  8:36  Probe (Chrono Boost)  
  57  8:46  Probe (Chrono Boost)  
  57  8:47  Zealot, Probe (Chrono Boost)  
  61  8:57  Probe (Chrono Boost)  
  61  8:58  Probe (Chrono Boost)  
  63  9:08  Probe (Chrono Boost)  
  63  9:09  Probe (Chrono Boost)  
  65  9:18  Probe (Chrono Boost)  
  65  9:19  Probe (Chrono Boost)  
  67  9:50  Assimilator  
  67  10:12  Probe (Chrono Boost)  
  68  10:15  Probe (Chrono Boost)  
  69  10:22  Probe (Chrono Boost)  
  70  11:04  Protoss Ground Weapons Level 1  
  70  11:06  Protoss Ground Armor Level 1  
  70  11:07  Warp Prism  
  70  11:08  Stalker  
  70  11:10  Gateway  
  74  11:15  Robotics Facility, Nexus  
  74  11:18  Stalker  
  76  11:20  Stargate  
  76  11:23  Pylon  
  76  11:27  Templar Archives  
  76  11:28  Stalker  
  76  11:31  Robotics Bay  
  78  11:36  Dark Shrine  
  78  11:38  Stalker  
  58  11:41  Fleet Beacon, Warp Prism  
  60  11:48  Stalker  
  62  11:58  Sentry  
  64  12:02  Observer  
  64  12:05  Void Ray  
  65  12:11  Void Ray  
  65  12:12  Probe (Chrono Boost)  
  45  12:20  Observer Gravitic Boosters  
  45  12:22  Zealot, Photon Cannon  
  45  12:24  Probe (Chrono Boost)  
  45  12:27  Photon Cannon, Probe (Chrono Boost)  
  47  12:33  Stalker  
  47  12:36  Probe (Chrono Boost)  
  40  12:39  Probe (Chrono Boost)  
  40  12:40  Zealot  
  40  12:43  Pylon  
  40  12:47  Probe (Chrono Boost)  
  40  12:50  Probe (Chrono Boost)  
  44  12:57  Stalker  
  38  13:01  Probe (Chrono Boost)  
  38  13:03  Probe (Chrono Boost)  
  38  13:04  Zealot  
  33  13:11  Probe (Chrono Boost)  
  33  13:12  Stalker  
  34  13:15  Probe (Chrono Boost)  
  34  13:19  Zealot  
  26  13:23  Probe (Chrono Boost)  
  22  13:29  Sentry  
  24  13:36  Probe (Chrono Boost)  
  24  13:39  Zealot, Probe (Chrono Boost)  
  22  13:46  Stalker  
  22  13:47  Probe (Chrono Boost)  
Tags
 
Composition
Lurkers
League
Silver
Matchup
PvZ
Replay Pack
Pack 1
Spawn Locations
Cross Positions
Add a new tag
Caveats
  • Supply blocks, unpowered buildings, or Contaminate may cause inaccurate times.
  • Supply counts are checked every 10 seconds.